General information
- name: BNet
- type: Ladder team game (AT/RT)
- host: Battle.net
- saver: FlyFool
map: Cherryville
- players: 8
- length: 38:37
- speed: Fast
- version: 1.26 W3XP
- replay type: Public
» download(200 KB)
Players
team 1 (winner)
FlyFool (
yellow | 57 APM | 2211 actions | 38:37)
6 Archmage
3 Summon Water Elemental
2 Brilliance Aura
1 Mass Teleport
4 Mountain King
2 Storm Bolt
2 Bash
» actions
| Assign group hotkey | 45 | |
| Basic commands | 341 | |
| Build / train | 72 | |
| Enter build submenu | 42 | |
| Enter hero's abilities submenu | 10 | |
| Give item / drop item | 3 | |
| Remove unit from queue | 1 | |
| Right click | 642 | |
| Select / deselect | 344 | |
| Select group hotkey | 588 | |
| Use ability | 123 | |
2211 total
» units
| Peasant | 12 | |
| Footman | 4 | |
| Goblin Shredder | 1 | |
| Gryphon Rider | 11 | |
28 total
» upgrades
| Masonry | 3 | |
| Lumber Harvesting | 1 | |
| Storm Hammers | 1 | |
| Swords | 3 | |
| Armor | 3 | |
| Animal War Training | 1 | |
| Cloud | 1 | |
13 total
» buildings
| Altar of Kings | 1 | |
| Barracks | 2 | |
| Farm | 11 | |
| Arcane Vault | 2 | |
| Keep | 1 | |
| Town Hall | 3 | |
| Lumber Mill | 1 | |
| Castle | 1 | |
| Scout Tower | 20 | |
| Arcane Tower | 1 | |
| Guard Tower | 6 | |
| Gryphon Aviary | 5 | |
| Blacksmith | 2 | |
56 total
» build order
00:43 Altar of Kings
00:44 Barracks
00:54 Farm
01:05 Farm
01:06 Farm
01:29 Barracks
01:43 Farm
02:37 Arcane Vault
03:50 Keep
04:08 Town Hall
05:30 Lumber Mill
05:59 Farm
06:34 Castle
06:38 Scout Tower
06:39 Scout Tower
06:39 Scout Tower
06:40 Scout Tower
06:44 Scout Tower
07:35 Arcane Tower
07:38 Scout Tower
07:39 Scout Tower
07:39 Scout Tower
07:40 Scout Tower
07:41 Scout Tower
07:54 Farm
08:11 Guard Tower
08:54 Gryphon Aviary
08:56 Gryphon Aviary
08:59 Gryphon Aviary
09:01 Gryphon Aviary
09:05 Gryphon Aviary
10:08 Blacksmith
10:13 Blacksmith
12:46 Town Hall
12:53 Scout Tower
12:53 Scout Tower
13:00 Scout Tower
13:00 Scout Tower
13:01 Scout Tower
13:01 Scout Tower
13:11 Arcane Vault
13:27 Guard Tower
14:36 Guard Tower
14:39 Scout Tower
14:41 Scout Tower
14:42 Scout Tower
14:45 Guard Tower
14:50 Scout Tower
15:39 Guard Tower
16:00 Farm
16:01 Farm
16:01 Farm
19:16 Farm
19:17 Farm
19:22 Guard Tower
25:23 Town Hall
» items
| Scroll of Regeneration | 1 | |
| Periapt of Vitality | 2 | |
| Staff of Teleportation | 2 | |
| Boots of Speed | 1 | |
| Potion of Lesser Invulnerability | 1 | |
| Potion of Healing | 1 | |
| Scroll of Town Portal | 1 | |
9 total

»
ucantseemecmin (
green | 128 APM | 3795 actions | 29:38)
4 Keeper of the Grove
2 Entangling Roots
2 Force of Nature
4 Priestess of the Moon
2 Trueshot Aura
1 Scout
1 Searing Arrows
3 Demon Hunter
2 Immolation
1 Evasion
» actions
| Assign group hotkey | 86 | |
| Basic commands | 51 | |
| Build / train | 73 | |
| ESC pressed | 11 | |
| Enter build submenu | 26 | |
| Enter hero's abilities submenu | 12 | |
| Give item / drop item | 5 | |
| Right click | 1370 | |
| Select / deselect | 526 | |
| Select group hotkey | 1536 | |
| Use ability | 99 | |
3795 total
» units
| Wisp | 18 | |
| Druid of the Talon | 11 | |
| Glaive Thrower | 8 | |
37 total
» upgrades
| Druid of the Talon Training | 2 | |
| Strength of the Wild | 3 | |
| Reinforced Hides | 3 | |
| Mark of the Talon | 1 | |
| Ultravision | 1 | |
| Well Spring | 1 | |
| Strength of the Moon | 1 | |
| Vorpal Blades | 1 | |
13 total
» buildings
| Moon Well | 9 | |
| Altar of Elders | 1 | |
| Hunter's Hall | 1 | |
| Tree of Ages | 1 | |
| Ancient Protector | 1 | |
| Ancient of Wind | 3 | |
| Tree of Eternity | 1 | |
| Ancient of Wonders | 2 | |
| Tree of Life | 2 | |
| Ancient of War | 5 | |
26 total
» build order
00:10 Moon Well
00:18 Altar of Elders
01:42 Hunter's Hall
02:25 Tree of Ages
02:47 Ancient Protector
04:10 Moon Well
05:12 Moon Well
05:25 Ancient of Wind
05:35 Moon Well
05:40 Ancient of Wind
06:14 Tree of Eternity
06:17 Moon Well
07:24 Ancient of Wonders
08:12 Ancient of Wonders
12:15 Tree of Life
16:17 Ancient of Wind
16:21 Moon Well
16:31 Moon Well
18:04 Moon Well
20:36 Ancient of War
20:45 Ancient of War
21:22 Ancient of War
22:51 Ancient of War
23:51 Ancient of War
24:24 Moon Well
27:29 Tree of Life
» items
| Scroll of Regeneration | 2 | |
| Orb of Fire | 1 | |
| Scroll of Healing | 1 | |
| Scroll of Protection | 1 | |
| Potion of Lesser Invulnerability | 1 | |
| Boots of Speed | 1 | |
7 total
BLAZEFS (
purple | 19 APM | 715 actions | 38:05)
4 Demon Hunter
2 Immolation
2 Evasion
3 Warden
2 Blink
1 Fan of Knives
» actions
| Basic commands | 7 | |
| Build / train | 61 | |
| Enter build submenu | 23 | |
| Enter hero's abilities submenu | 7 | |
| Give item / drop item | 2 | |
| Remove unit from queue | 4 | |
| Right click | 298 | |
| Select / deselect | 271 | |
| Use ability | 42 | |
715 total
» units
| Wisp | 20 | |
| Archer | 7 | |
| Hippogryph | 5 | |
| Chimaera | 6 | |
38 total
» upgrades
| Improved Bows | 1 | |
| Strength of the Moon | 2 | |
| Hippogryph Taming | 1 | |
| Marksmanship | 1 | |
| Corrosive Breath | 1 | |
6 total
» buildings
| Altar of Elders | 2 | |
| Moon Well | 8 | |
| Ancient of War | 2 | |
| Ancient of Wonders | 1 | |
| Tree of Ages | 1 | |
| Hunter's Hall | 1 | |
| Tree of Life | 3 | |
| Tree of Eternity | 1 | |
| Ancient of Wind | 1 | |
| Chimaera Roost | 2 | |
22 total
» build order
00:14 Altar of Elders
00:21 Moon Well
01:18 Ancient of War
01:49 Moon Well
02:07 Ancient of Wonders
02:49 Ancient of War
03:34 Moon Well
04:00 Tree of Ages
04:43 Moon Well
04:51 Hunter's Hall
05:55 Moon Well
06:40 Tree of Life
06:52 Tree of Eternity
06:58 Ancient of Wind
10:47 Chimaera Roost
12:32 Chimaera Roost
12:38 Moon Well
14:14 Moon Well
16:16 Moon Well
17:20 Tree of Life
28:28 Altar of Elders
30:07 Tree of Life
» items
| Lesser Clarity Potion | 1 | |
| Orb of Lightning | 1 | |
2 total

»
missdaisyduke (
blue | 19 APM | 725 actions | 38:23)
4 Blademaster
2 Mirror Image
1 Wind Walk
1 Critical Strike
2 Shadow Hunter
1 Healing Wave
1 Serpent Ward
» actions
| Build / train | 64 | |
| Enter build submenu | 21 | |
| Enter hero's abilities submenu | 6 | |
| Give item / drop item | 5 | |
| Right click | 284 | |
| Select / deselect | 263 | |
| Use ability | 82 | |
725 total
» units
| Peon | 10 | |
| Grunt | 4 | |
| Raider | 18 | |
| Tauren | 8 | |
| Demolisher | 3 | |
43 total
» upgrades
| Melee Weapons | 3 | |
| Armor | 3 | |
| Pillage | 1 | |
| Ensnare | 1 | |
| Pulverize | 1 | |
9 total
» buildings
| Altar of Storms | 1 | |
| Barracks | 1 | |
| Orc Burrow | 9 | |
| War Mill | 1 | |
| Stronghold | 1 | |
| Voodoo Lounge | 1 | |
| Beastiary | 2 | |
| Watch Tower | 2 | |
| Fortress | 1 | |
| Tauren Totem | 1 | |
| Great Hall | 1 | |
21 total
» build order
00:08 Altar of Storms
00:12 Barracks
00:19 Orc Burrow
02:30 War Mill
03:33 Orc Burrow
03:37 Orc Burrow
03:46 Orc Burrow
03:51 Orc Burrow
04:29 Stronghold
05:27 Voodoo Lounge
05:47 Orc Burrow
06:52 Beastiary
06:59 Beastiary
09:40 Watch Tower
09:44 Watch Tower
10:57 Fortress
13:23 Tauren Totem
17:17 Orc Burrow
21:30 Orc Burrow
21:35 Orc Burrow
25:21 Great Hall
» items
team 2 (loser)
Boitucher (
teal | 86 APM | 3321 actions | 38:36)
6 Blademaster
3 Wind Walk
2 Critical Strike
1 Bladestorm
» actions
| Assign group hotkey | 53 | |
| Basic commands | 96 | |
| Build / train | 152 | |
| ESC pressed | 24 | |
| Enter build submenu | 97 | |
| Enter hero's abilities submenu | 6 | |
| Give item / drop item | 13 | |
| Right click | 1264 | |
| Select / deselect | 461 | |
| Select group hotkey | 956 | |
| Use ability | 199 | |
3321 total
» units
| Peon | 41 | |
| Grunt | 10 | |
| Goblin Shredder | 3 | |
| Wind Rider | 10 | |
| Goblin Sapper | 3 | |
67 total
» upgrades
| Armor | 3 | |
| Pillage | 1 | |
| Ranged Weapons | 3 | |
| Reinforced Defenses | 1 | |
| Berserker Strength | 1 | |
| Spiked Barricades | 3 | |
| Masonry | 1 | |
| Envenomed Spears | 1 | |
| Troll Regeneration | 1 | |
| Liquid Fire | 1 | |
| Backpack | 1 | |
| War Drums Damage Increase | 1 | |
| Ensnare | 1 | |
| Melee Weapons | 1 | |
20 total
» buildings
| Altar of Storms | 4 | |
| Orc Burrow | 8 | |
| Barracks | 1 | |
| Voodoo Lounge | 2 | |
| Stronghold | 7 | |
| Great Hall | 2 | |
| War Mill | 2 | |
| Watch Tower | 54 | |
| Beastiary | 7 | |
| Fortress | 7 | |
94 total
» build order
00:07 Altar of Storms
00:09 Orc Burrow
00:22 Barracks
01:36 Orc Burrow
02:16 Voodoo Lounge
03:11 Orc Burrow
04:55 Stronghold
04:55 Stronghold
04:55 Stronghold
05:24 Great Hall
06:02 War Mill
07:15 Watch Tower
07:17 Watch Tower
07:20 Watch Tower
07:24 Watch Tower
07:28 Watch Tower
07:31 Watch Tower
08:03 Watch Tower
08:35 Watch Tower
09:33 Beastiary
09:34 Beastiary
09:41 Fortress
09:41 Fortress
09:44 Watch Tower
09:48 Watch Tower
13:12 Watch Tower
13:16 Watch Tower
13:19 Watch Tower
13:23 Watch Tower
13:24 Watch Tower
13:27 Watch Tower
13:30 Watch Tower
13:36 Watch Tower
13:38 Watch Tower
13:40 Watch Tower
14:07 Watch Tower
14:16 Watch Tower
14:17 Watch Tower
14:57 Watch Tower
15:02 Watch Tower
15:08 Watch Tower
15:32 Watch Tower
15:34 Watch Tower
15:37 Watch Tower
16:04 Watch Tower
16:08 Watch Tower
16:11 Watch Tower
16:14 Watch Tower
16:23 Watch Tower
16:27 Watch Tower
16:37 Watch Tower
16:43 Watch Tower
17:43 Watch Tower
17:44 Watch Tower
17:45 Watch Tower
17:46 Watch Tower
17:48 Watch Tower
18:53 Watch Tower
19:02 Watch Tower
19:06 Watch Tower
19:17 Watch Tower
19:43 Watch Tower
19:46 Watch Tower
19:50 Watch Tower
19:52 Watch Tower
19:56 Watch Tower
19:59 Watch Tower
20:03 Watch Tower
22:36 Stronghold
22:36 Stronghold
22:44 Beastiary
23:26 Beastiary
24:09 Altar of Storms
24:12 Altar of Storms
24:20 War Mill
25:12 Altar of Storms
25:32 Orc Burrow
26:25 Orc Burrow
28:09 Voodoo Lounge
28:59 Beastiary
29:01 Beastiary
29:06 Beastiary
29:36 Fortress
29:36 Fortress
29:36 Fortress
32:25 Orc Burrow
34:11 Orc Burrow
34:14 Orc Burrow
38:05 Watch Tower
38:14 Great Hall
» items
| Healing Salve | 7 | |
| Lesser Clarity Potion | 4 | |
| Staff of Teleportation | 1 | |
| Circlet of Nobility | 1 | |
| Orb of Lightning | 2 | |
| Tiny Great Hall | 1 | |
| Scroll of Town Portal | 2 | |
18 total
shinji34 (
red | 34 APM | 528 actions | 15:38)
3 Mountain King
2 Storm Bolt
1 Thunder Clap
» actions
| Assign group hotkey | 17 | |
| Build / train | 55 | |
| Enter build submenu | 23 | |
| Enter hero's abilities submenu | 3 | |
| Right click | 125 | |
| Select / deselect | 145 | |
| Select group hotkey | 124 | |
| Use ability | 36 | |
528 total
» units
| Peasant | 13 | |
| Footman | 11 | |
| Gryphon Rider | 8 | |
32 total
» upgrades
| Swords | 2 | |
| Armor | 2 | |
| Lumber Harvesting | 2 | |
| Storm Hammers | 1 | |
| Animal War Training | 1 | |
8 total
» buildings
| Altar of Kings | 1 | |
| Farm | 7 | |
| Barracks | 1 | |
| Scout Tower | 8 | |
| Arcane Tower | 2 | |
| Lumber Mill | 1 | |
| Blacksmith | 1 | |
| Keep | 2 | |
| Town Hall | 1 | |
| Guard Tower | 6 | |
| Gryphon Aviary | 2 | |
| Castle | 1 | |
33 total
» build order
00:32 Altar of Kings
00:44 Farm
01:25 Barracks
01:30 Farm
01:44 Scout Tower
02:10 Farm
02:18 Arcane Tower
02:27 Lumber Mill
03:20 Blacksmith
03:27 Farm
04:15 Keep
04:55 Farm
05:00 Scout Tower
05:58 Town Hall
06:05 Scout Tower
06:17 Guard Tower
07:01 Gryphon Aviary
07:09 Guard Tower
07:13 Scout Tower
07:21 Gryphon Aviary
07:46 Arcane Tower
07:51 Scout Tower
08:21 Castle
08:59 Scout Tower
09:03 Guard Tower
09:37 Scout Tower
09:52 Farm
09:56 Guard Tower
10:18 Guard Tower
10:23 Scout Tower
10:46 Farm
13:27 Guard Tower
14:39 Keep
gorgothmog (
pink | 13 APM | 481 actions | 36:03)
1 Blood Mage
1 Flame Strike
» actions
| Assign group hotkey | 18 | |
| Basic commands | 26 | |
| Build / train | 39 | |
| ESC pressed | 7 | |
| Enter build submenu | 23 | |
| Enter hero's abilities submenu | 1 | |
| Right click | 67 | |
| Select / deselect | 174 | |
| Select group hotkey | 27 | |
| Use ability | 99 | |
481 total
» units
| Peasant | 12 | |
| Footman | 7 | |
| Rifleman | 9 | |
| Dragonhawk Rider | 1 | |
29 total
» upgrades
| Long Rifles | 1 | |
| Gunpowder | 1 | |
| Defend | 1 | |
3 total
» buildings
| Altar of Kings | 1 | |
| Farm | 14 | |
| Barracks | 2 | |
| Lumber Mill | 1 | |
| Keep | 1 | |
| Blacksmith | 1 | |
| Scout Tower | 5 | |
| Guard Tower | 4 | |
| Workshop | 7 | |
| Gryphon Aviary | 3 | |
| Arcane Vault | 1 | |
40 total
» build order
00:07 Altar of Kings
00:23 Farm
00:43 Barracks
01:03 Farm
01:04 Farm
01:06 Farm
01:07 Farm
01:08 Farm
01:09 Farm
02:43 Lumber Mill
03:28 Farm
03:29 Farm
03:31 Farm
03:33 Farm
03:41 Farm
04:06 Keep
05:17 Blacksmith
05:23 Barracks
05:27 Scout Tower
05:30 Scout Tower
06:41 Guard Tower
06:42 Guard Tower
06:57 Farm
06:58 Farm
07:53 Scout Tower
07:55 Scout Tower
07:57 Scout Tower
09:22 Guard Tower
12:04 Guard Tower
12:10 Workshop
12:16 Workshop
12:37 Gryphon Aviary
12:40 Gryphon Aviary
14:01 Arcane Vault
16:53 Gryphon Aviary
16:57 Workshop
16:59 Workshop
17:03 Workshop
17:55 Workshop
17:58 Workshop
DarkMen (
orange | 26 APM | 398 actions | 15:18)
3 Paladin
1 Holy Light
1 Devotion Aura
1 Divine Shield
2 Mountain King
1 Storm Bolt
1 Bash
1 Blood Mage
1 Flame Strike
» actions
| Build / train | 46 | |
| Enter build submenu | 23 | |
| Enter hero's abilities submenu | 6 | |
| Give item / drop item | 3 | |
| Remove unit from queue | 1 | |
| Right click | 129 | |
| Select / deselect | 143 | |
| Use ability | 47 | |
398 total
» units
| Peasant | 12 | |
| Footman | 3 | |
| Rifleman | 2 | |
| Priest | 6 | |
| Knight | 1 | |
24 total
» upgrades
| Defend | 1 | |
| Lumber Harvesting | 2 | |
| Priest Training | 1 | |
| Swords | 1 | |
| Plating | 1 | |
| Animal War Training | 1 | |
7 total
» buildings
| Altar of Kings | 1 | |
| Farm | 9 | |
| Barracks | 2 | |
| Blacksmith | 1 | |
| Keep | 1 | |
| Castle | 1 | |
| Lumber Mill | 1 | |
| Town Hall | 2 | |
| Arcane Sanctum | 1 | |
| Arcane Vault | 1 | |
| Gryphon Aviary | 1 | |
21 total
» build order
00:49 Altar of Kings
00:58 Farm
01:31 Farm
01:51 Barracks
02:41 Farm
03:47 Blacksmith
04:24 Keep
05:37 Farm
07:08 Castle
07:19 Lumber Mill
07:49 Town Hall
07:55 Farm
08:19 Barracks
08:24 Arcane Sanctum
09:08 Farm
09:22 Town Hall
09:43 Arcane Vault
10:43 Farm
12:22 Farm
13:39 Farm
14:05 Gryphon Aviary
» items
| Lesser Clarity Potion | 2 | |
| Orb of Fire | 1 | |
3 total
Chat log
(00:13 / All) FlyFool: There's a nigger amongst us
(00:30 / All) FlyFool: Let's gather our pitchforks, gentlemen
(00:39 / All) FlyFool: We got a nigger to lynch
(00:43 / All) Boitucher: Then I ask thee, O valiant knight, who is this Negro that we shall slay?
(00:59 / All) FlyFool: He wears cloth of orange
(01:00 / Allies) ucantseemecmin: yo
(01:10 / All) Boitucher: The dark man?
(01:13 / All) FlyFool: Aye
(01:15 / Allies) ucantseemecmin: we rushin or cc
(01:18 / All) FlyFool: The one with soot for skin
(01:57 / All) gorgothmog: i love playing with white trash
(02:02 / All) Boitucher: lol
(02:24 / All) ucantseemecmin: i dont know
(02:28 / All) gorgothmog: the kind that only pull their cocks out of their mothers long enough to play this game
(02:29 / All) ucantseemecmin: whter i luv this game
(02:32 / All) ucantseemecmin: or the shiet talkin more
(02:42 / Allies) ucantseemecmin: units?
(02:46 / Allies) FlyFool: griffs
(03:00 / Allies) missdaisyduke: i will go all melee
(03:10 / Allies) missdaisyduke: bound to be tankk with 3 human
(03:12 / All) gorgothmog: that's ok, you and the "South" can take your pride and shove it up your collective cunts.
(03:18 / Allies) ucantseemecmin: im goin druids
(03:19 / Allies) ucantseemecmin: mass druids
(03:27 / All) Boitucher: Someone is upset
(03:33 / All) FlyFool: |quit your crying, nigger lover
(04:00 / All) gorgothmog: If you were in front of me, I would take my Python .357 and shoot you in the leg.
(04:11 / All) Boitucher: That would get you arrested
(04:15 / All) Boitucher: Can't shoot someone for offending you
(04:32 / All) Boitucher: ?
(04:37 / All) FlyFool: Sorry nigger, no breaks
(04:41 / All) Boitucher: He is a lvl 1 bm straight techer
(06:00 / All) FlyFool: NO BREAKS NIGGEr
(08:21 / All) Boitucher: Pink is a retard or tker
(08:26 / All) Boitucher: Sitting with lvl 1 hero and units in his base
(08:35 / All) FlyFool: Hey nigger
(08:39 / All) FlyFool: Go back to Africa
(08:59 / All) Boitucher: I have towers he can't do shit
(09:03 / All) Boitucher: to me at least
(10:31 / All) Boitucher: Pink is a tker
(10:41 / All) ucantseemecmin: and?
(10:45 / All) Boitucher: He is failing miserably
(12:40 / All) Boitucher: Not gonna lie pink, that was pathetic
(13:05 / All) gorgothmog: hey everyone, lower right hand corner has been weakened.
(13:09 / All) Boitucher: Not really
(13:20 / All) FlyFool: Can't do it yourself? Typical liberal
(13:21 / All) gorgothmog: they're coming up the center to get me....
(13:33 / All) gorgothmog: and everyone is going to the upper left corner
(14:09 / Allies) ucantseemecmin: captuer that shiet
(15:40 / All) gorgothmog: ohhhhhhhhhhh, I WAS going to make tanks
(16:04 / All) ucantseemecmin: leave pls
(16:05 / All) ucantseemecmin: u lost
(16:20 / All) gorgothmog: 3000 gold..... maybe my allies needed some gold
(16:43 / Allies) ucantseemecmin: naw u lost homie
(17:20 / All) FlyFool: close to level 6 thanks bud
(18:06 / All) gorgothmog: teal has a shitload of towers.
(18:12 / All) gorgothmog: they've been spiked and fortified.
(18:25 / All) gorgothmog: Oh well, fucker.
(18:32 / All) gorgothmog: you lost, and that's all I care about.
(18:38 / All) Boitucher: No I haven't lol
(18:49 / All) gorgothmog: If I had my way, I would string you up next to the nigger that you strung up.
(18:55 / All) Boitucher: Oh?
(18:57 / All) gorgothmog: And I'd gut you.
(18:58 / All) Boitucher: How come?
(19:06 / All) gorgothmog: And spit on your pitiful carcas.
(19:12 / All) Boitucher: You sound very aggressive
(19:18 / All) gorgothmog: Oh, and I'd masturbate all over it.
(19:22 / All) Boitucher: Have you had a bad day?
(19:26 / All) gorgothmog: Your dying corpse, that is.
(20:03 / All) gorgothmog: ewwwww, and now I get your player name.....
(20:15 / All) gorgothmog: You definitely belong in the South.
(20:29 / Allies) ucantseemecmin: some1 please get range
(20:36 / All) gorgothmog: It's true, though, the people from the North think you're a bunch of inbred idiots.
(20:43 / All) Boitucher: I'm not even American
(20:47 / All) Boitucher: I just hate niggers
(20:57 / All) ucantseemecmin: ur goin to hell
(21:01 / All) ucantseemecmin: just so u know
(21:03 / All) gorgothmog: You sure act like an American. Let that be your curse.
(21:20 / All) Boitucher: Many people who are not American want niggers to be hanged
(21:22 / All) gorgothmog: Honorary American.
(21:32 / All) FlyFool: Pink how big are your breasts?
(21:40 / All) FlyFool: Do you wear replica lord of the rings garments>
(21:44 / All) gorgothmog: LOLOLOL
(21:58 / All) gorgothmog: No, I am actually an abortion doctor.
(22:29 / All) gorgothmog: OBGYN board certified in the great state of WA.
(22:48 / All) gorgothmog: Just completed my residency.
(23:03 / All) gorgothmog: Hence the grim sense of humor.
(23:10 / All) gorgothmog: I should have cut you out when I had the chance.
(23:55 / All) gorgothmog: there is another base up north on the right side.
(24:00 / All) Boitucher: BM trade!
(24:08 / All) gorgothmog: and one in the lower right hand
(25:02 / All) Boitucher: fuck you found my top base
(25:14 / All) gorgothmog: Upper left, upper right, and lower right all have bases ***On my half of the map***
(25:47 / Allies) ucantseemecmin: wtf?
(25:58 / All) gorgothmog: LOL
(26:02 / All) gorgothmog: What is going on here????
(26:06 / All) gorgothmog: hahaha
(26:08 / All) Boitucher: It was planned
(26:11 / All) Boitucher: You can leave, nigger lover
(26:33 / All) gorgothmog: EIther way, I will get back to aborting Southern babies.
(26:45 / All) Boitucher: Go ahead, I don't care I'm not american
(26:52 / All) gorgothmog: Canadian?
(27:00 / All) Boitucher: No, I am Bulgarian
(27:05 / All) Boitucher: Do you even know where that is?
(27:13 / All) gorgothmog: By Georgia.
(27:21 / All) Boitucher: lol
(27:35 / All) gorgothmog: Georgia is the backyard of both Europe and the US.
(27:45 / All) gorgothmog: You're one of those stupid Balkan countries.
(27:49 / All) FlyFool: You don't even know where Georgia is
(27:59 / All) gorgothmog: Near the Crimean, asshole.
(28:14 / All) Boitucher: Do you know where Denmark is?
(28:19 / All) Boitucher: All other players I've asked don't
(28:20 / All) gorgothmog: North of Germany.
(28:26 / All) Boitucher: Nice, do you know its capital?
(28:27 / All) gorgothmog: A peninsula.
(28:33 / All) gorgothmog: Copenhagen.
(28:38 / All) Boitucher: No, it's D. Capital not capitol, idiot
(29:01 / All) gorgothmog: next question.
(29:12 / All) Boitucher: Do you even know what Gulag was?
(29:19 / Allies) ucantseemecmin: hey fly fool
(29:25 / Allies) ucantseemecmin: ur goin to hell just so u know
(29:27 / Allies) FlyFool: you rang?
(29:28 / All) gorgothmog: Stalin.... exiled his citizens to Sibera.
(29:33 / Allies) FlyFool: I don't believe in the place
(29:34 / All) Boitucher: What?
(29:34 / All) gorgothmog: Political opponents.
(29:35 / Allies) ucantseemecmin: and satan is goin to consume ur soul u satanic bastard
(29:44 / All) FlyFool: WELL
(29:45 / All) Boitucher: It was the Soviet programme for their concentration camps
(29:49 / All) Boitucher: How the hell did you come up with that?
(29:53 / All) FlyFool: Some people sure are rude, hurrumph
(30:13 / All) gorgothmog: If you're so well spoken, why do you hate niggers?
(30:21 / All) gorgothmog: I doubt if you've ever seen a black person.
(30:27 / All) Boitucher: They are filthy and the issue with places like mine today
(30:28 / All) FlyFool: I see them a lot
(30:32 / All) Boitucher: immigrants
(30:36 / All) FlyFool: Most of them are filthy animals with pithecoid skulls
(30:41 / All) gorgothmog: Bulgeria is ethnically homogenous.
(30:43 / All) Boitucher: They have lower IQs
(30:56 / All) Boitucher: "Places like mine" meaning European countries, you nigger lover
(31:00 / All) gorgothmog: You really are the scum of the Earth.
(31:01 / All) Boitucher: such as Macedonia, which is plagued by them
(31:19 / All) gorgothmog: Hae du, ich war in Deutschlan geborren, und wo warst du geborren?
(31:26 / All) Boitucher: Google translate?
(31:30 / All) gorgothmog: Im Muehleinmar, auf jeden fall.
(31:36 / All) gorgothmog: Nein, du Arschloch.
(31:55 / All) Boitucher: I can speak more than two languages as well. Hic, mi amice: lingua latina. Och svenska
(32:01 / All) FlyFool: Hey pink what do you call a nigger with 8 arms?
(32:10 / All) FlyFool: I don't know but I sure bet it could pick a lot of cotton
(32:19 / All) Boitucher: lol
(32:28 / All) gorgothmog: You just sound so.... American.
(32:48 / All) FlyFool: How many Jews can you fit into the average car?
(32:51 / All) Boitucher: I sympathise with many Americans
(32:56 / All) gorgothmog: Like George W. Bush Americans.
(33:08 / All) gorgothmog: Dick Cheney Americans.
(33:14 / All) FlyFool: Over a hun'derd, 2 in the front, 3 in the back and a hun'derd in the ash tray
(33:23 / All) gorgothmog: Heard that one.
(33:33 / All) gorgothmog: You're a stupid ass American.
(33:39 / All) Boitucher: Him or me?
(33:44 / All) gorgothmog: Both of you.
(33:55 / All) Boitucher: I'm not american. PEdicabo ego vos et irrumabo
(33:59 / All) Boitucher: knullare du
(34:00 / All) FlyFool: White POWER
(34:05 / All) Boitucher: ^^^^^^^^
(34:08 / All) Boitucher: I concur
(34:18 / All) gorgothmog: Boitucher is too clever of a play on words.
(34:25 / All) Boitucher: I didn't come up with it
(34:25 / All) gorgothmog: You're dual citizen, maybe.
(34:38 / All) Boitucher: Someone I played a game with years ago used it
(34:42 / All) Boitucher: He had to explain it and I liked it
(34:54 / All) gorgothmog: Someone you played with.... years ago.....
(35:02 / All) Boitucher: ?
(35:03 / All) gorgothmog: And now you're a boy toucher....
(35:09 / All) Boitucher: Oops
(35:16 / All) gorgothmog: Was this boy you played with a nigger?
(35:26 / All) Boitucher: No
(35:27 / All) gorgothmog: I think you have some guilt issues you need to work out.
(35:31 / All) Boitucher: lol
(35:42 / All) gorgothmog: Maybe you should get in touch with this boi, and tell him you're sorry.
(35:50 / Allies) FlyFool: Blue you just submitted huh?
(35:53 / Allies) FlyFool: Weak bitch
(36:00 / All) gorgothmog: Stupid shit, I hope you get shot.
(36:07 / All) Boitucher: YES HE LEFT
(36:10 / All) Boitucher: NOW THIS IS NO LONGER COMPLICATED
(37:10 / All) Boitucher: I didn't even intend that "someone I played with" pun
(37:25 / All) Boitucher: True story though, Chode used it as an aka in 2008 when I griefed World of Warcraft and caused patch note changes
(37:29 / All) FlyFool: Degenerates like pink have dirty minds
(37:38 / All) Boitucher: Blizzard forced him to change his name
(37:42 / All) FlyFool: Everything is a sexual double entendre to them
(37:44 / All) Boitucher: I forget what he changed it to after, Boitucher was his best one
(38:26 / All) Boitucher: nice
(38:30 / All) Boitucher: I say pink getst he loss
(38:34 / All) FlyFool: yes